Unix NetHack Version 5.0.0-0 post-release - last build Jul 11 2026 15:18:16 (a5a7a23833b1ad5d30b1c6e96a93a978492a6348,branch:main).

Game began 2026-07-13 17:25:44, ended 2026-07-13 21:08:39.

BeardyHaddock, neutral male gnomish Archeologist

                                                         ----
                                                         |..|---    -
                                                      ----..--.---- .
                                                     --...........|.-
                                                    --..............|
                                              ----  |......--.-...---
                                              |..----....#--|-.....|
                                             --b.@.|.....# --..-...--
                                             |..@.h(.....#--..-.....--
                                             |.......................|
                                             ---.....................|
                                               ----..........<....|.--
                                                  |.............-----
                                                  ----.........--
                                                     --......---
                                                      |.....--
                                                      -.....|
                                                      ......|
                                                     -----.--
                                                         ---
BeardyHaddock the Field Worker  St:12 Dx:10 Co:12 In:18 Wi:16 Ch:10  Neutral
Dlvl:4  $:355 HP:0(28) Pw:18(18) AC:9  Xp:3 T:2020 

Latest messages:
 You kill the giant rat!
 e - a +0 pick-axe (weapon in left hand).
 a - a +2 bullwhip (alternate weapon; not wielded).
 You see here a giant rat corpse.
 There is a giant rat corpse here; eat it? [ynq] (n) y
 This giant rat corpse is gamey.
 The little dog misses the dwarf.
 The little dog misses the dwarf.
 The little dog misses the dwarf.
 The little dog misses the dwarf.
 You finish eating the giant rat corpse.
 The little dog misses the dwarf.
 You hear some noises in the distance.
 The little dog bites it.
 You hear a D note squeak in the distance.
 The little dog misses the hobbit.
 The little dog bites the dwarf.
 The dwarf swings his pick-axe at the little dog.
 The dwarf hits the little dog.
 The little dog is killed!
 The hobbit shoots a gray stone!
 You are hit by a gray stone.
 You swap places with the peaceful dwarf.
 You hear crashing rock.
 You hear crashing rock.
 The wererat changes into a rat.
 You see here a pick-axe.
 You hit the wererat.
 The wererat bites!
 You hit the wererat!
 You knock the wererat backward with a forceful strike!
 The hobbit shoots a gray stone!
 The gray stone misses the acid blob.
 You are hit by a gray stone!
 You swap places with the peaceful acid blob.
 The hobbit swings his sling.
 The hobbit hits!
 You hit the wererat.
 The wererat changes into a human.
 The wererat hits!
 You hit the wererat.
 The wererat hits!
 You hit the wererat.
 The wererat hits!
 You die...
 Do you want your possessions identified? [ynq] (y) n
 Do you want to see your attributes? [ynq] (y) n
 Do you want an account of creatures vanquished? [ynaq] (y) n
 Do you want to see your conduct and achievements? [ynq] (y) n
 Do you want to see the dungeon overview? [ynq] (y) n

Inventory:
 Coins    ('$')
  $ - 355 gold pieces
 Weapons  (')')
  a - a +2 bullwhip (alternate weapon; not wielded)
 Armor    ('[')
  c - an uncursed +0 fedora (being worn)
  b - an uncursed +0 leather jacket (being worn)
 Comestibles  ('%')
  x - an uncursed slime mold
  d - 6 uncursed food rations
  p - an uncursed food ration
  r - an uncursed food ration
  u - an uncursed food ration
  w - 4 uncursed food rations
  y - an uncursed sprig of wolfsbane
  s - an uncursed homemade tin of newt meat
 Scrolls  ('?')
  l - an uncursed scroll of enchant armor
  C - a cursed scroll of enchant weapon
  A - a cursed scroll of identify
  o - an uncursed scroll of remove curse
  D - an uncursed scroll of teleportation
 Potions  ('!')
  m - an uncursed potion of healing
 Rings    ('=')
  j - an uncursed ring of searching
  k - a cursed ring of sustain ability
 Tools    ('(')
  h - an empty uncursed sack
  e - a +0 pick-axe (weapon in left hand)
  f - a tinning kit (0:75)
 Gems/Stones  ('*')
  H - an uncursed chrysoberyl stone
  i - an uncursed opal
  n - an uncursed luckstone
  g - an uncursed touchstone

BeardyHaddock the Archeologist's attributes:

Background:
 You were a Field Worker, a level 3 male gnomish Archeologist.
 You were neutral, nominally on a mission for Camaxtli
 who was opposed by Quetzalcoatl (lawful) and Huhetotl (chaotic).
 You were left-handed.
 You were in the Gnomish Mines, on level 4.
 You entered the dungeon 2020 turns ago.
 You had 68 experience points, 12 more were needed to attain level 4.

Basics:
 You had 0 out of 28 hit points.
 You had all 18 energy points (spell power).
 Your armor class was 9.
 Your wallet contained 355 zorkmids.
 Autopickup was off.

Final Characteristics:
 Your strength was 12 (limit:18/50).
 Your dexterity was 10 (limit:18).
 Your constitution was 12 (limit:18).
 Your intelligence was 18 (limit:19).
 Your wisdom was 16 (limit:18).
 Your charisma was 10 (limit:18).

Final Status:
 You weren't hungry.
 You were unencumbered.
 You were wielding a pick-axe.
 You had basic skill with pick-axe.

Final Attributes:
 You were devoutly aligned.
 You had automatic searching.
 You had infravision.
 You were lucky.
 You had extra luck.
 Bad luck did not time out for you.
 Good luck did not time out for you.
 You are dead.

Miscellaneous:
 You didn't encounter any bones levels.
 Total elapsed playing time was 39 minutes and 54 seconds.

Major events:
 Turn
    1: BeardyHaddock the neutral male gnomish Archeologist entered the dungeon
 1466: attained the rank of Field Worker (level 3)
 1808: read a Discworld novel
 1939: entered the Gnomish Mines
 2020: killed by a wererat

You didn't know any spells.

Skills:
 Fighting Skills
   bare handed combat [Unskilled]
   two weapon combat  [Unskilled]
   riding             [Unskilled]
 Weapon Skills
   dagger             [Unskilled]
   knife              [Unskilled]
   pick-axe           [Basic]
   short sword        [Unskilled]
   saber              [Unskilled]
   club               [Unskilled]
   quarterstaff       [Unskilled]
   sling              [Unskilled]
   dart               [Unskilled]
   boomerang          [Unskilled]
   whip               [Basic]
   unicorn horn       [Unskilled]
 Spellcasting Skills
   attack spells      [Unskilled]
   healing spells     [Unskilled]
   divination spells  [Unskilled]
   matter spells      [Unskilled]

Voluntary challenges:
 Character rerolling was not enabled.
 You were an atheist.
 You never genocided any monsters.
 You never polymorphed an object.
 You never changed form.
 You used no wishes.
Achievements:
 You entered a shop.
 You attained the rank of Field Worker.
 You read from a Discworld novel.
 You entered the Gnomish Mines.

 The Dungeons of Doom: levels 1 to 3
    Level 1:
       Some fountains, a sink.
    Level 2:
       A food shop.
    Level 3:
       A scroll shop.
       Stairs down to The Gnomish Mines.
 The Gnomish Mines:
    Level 4: <- You were here.
       Final resting place for
          you, killed by a wererat.


Vanquished creatures:
  a little dog
  a hobbit
  5 giant rats
  a green mold
  a red mold
  a gnome zombie
  3 geckos
  3 jackals
  a fox
  a sewer rat
  4 grid bugs
  5 lichens
  5 newts
32 creatures vanquished.

No species were genocided or became extinct.

Game over:
                       ----------
                      /          \
                     /    REST    \
                    /      IN      \
                   /     PEACE      \
                  /                  \
                  |  BeardyHaddock   |
                  |      355 Au      |
                  |   killed by a    |
                  |     wererat      |
                  |                  |
                  |                  |
                  |       2026       |
                 *|     *  *  *      | *
        _________)/\\_//(\/(/\)/\//\/|_)_______

Goodbye BeardyHaddock the Archeologist...

You died in The Gnomish Mines on dungeon level 4 with 752 points,
and 355 pieces of gold, after 2020 moves.
You were level 3 with a maximum of 28 hit points when you died.

